 Dungeon Crawl Stone Soup version 0.27.1-34-g3ba077fa99 (webtiles) character file.

Game seed: 18101713178984800102

21 barney the Changer (level 2, 0/23 HPs)
             Began as a Draconian Transmuter on Jan 13, 2022.
             Succumbed to an adder's poison
             ... on level 2 of the Dungeon.
             The game lasted 00:00:49 (1661 turns).

barney the Changer (Draconian Transmuter)           Turns: 1661, Time: 00:00:50

Health: 0/23       AC:  4    Str: 12    XL:     2   Next: 65%
Magic:  5/5        EV: 12    Int: 13    God:
Gold:   36         SH:  0    Dex: 11    Spells: 4/5 levels left

rFire    . . .     SeeInvis .   b - staff of air
rCold    . . .     Faith    .   (no shield)
rNeg     . . .     Spirit   .   (armour unavailable)
rPois    .         Reflect  .   (helmet currently unavailable)
rElec    +         Harm     .   (no cloak)
rCorr    .         Rampage  .   (no gloves)
Will     .....                  (boots currently unavailable)
Stlth    +.........             (no amulet)
HPRegen  0.07/turn              (no ring)
MPRegen  0.09/turn              (no ring)

@: lethally poisoned (0 -> -4), appendages (expiring)
A: horns 2, talons 2, AC +4, unfitting armour, cold-blooded
a: End Transformation


You were on level 2 of the Dungeon.
You had temporarily grown beastly horns and talons.
You visited 1 branch of the dungeon, and saw 2 of its levels.

You collected 36 gold pieces.

Inventory:

Magical Staves
 b - a staff of air (weapon)
Scrolls
 a - 2 scrolls of noise {unknown}
 c - a scroll of fear {unknown}
 d - a scroll of vulnerability {unknown}


   Skills:
 - Level 1.1 Fighting
 - Level 1.7 Dodging
 - Level 3.0 Unarmed Combat
 - Level 2.0 Spellcasting
 + Level 3.3 Transmutations


You had 4 spell levels left.
You knew the following spells:

 Your Spells              Type           Power      Damage    Failure   Level
a - Beastly Appendage     Tmut           18%        N/A       7%          1

Your spell library contained the following spells:

 Spells                   Type           Power      Damage    Failure   Level
 Wereblood                Tmut           9%         N/A       10%         2
 Spider Form              Tmut/Pois      2%         N/A       36%         3
 Ice Form                 Ice/Tmut       5%         N/A       78%         4


Dungeon Overview and Level Annotations

Branches:
Dungeon (2/15)

Altars:


Innate Abilities, Weirdness & Mutations

You have temporarily grown beastly horns and talons.
Your plain brown scales are hard. (AC +4)
You cannot fit into any form of body armour.
You are cold-blooded and may be slowed by cold attacks.


Message History

An adder is nearby!
A quokka comes into view.
Found a book of Beasts.
The adder hisses angrily.
There are monsters nearby!
An adder is nearby!
Found 7 gold pieces.
The quokka barely misses you. The adder barely misses you.
There are monsters nearby!
You barely miss the adder. You claw the adder, but do no damage.
Your headbutt misses the adder. The quokka bites you. The adder bites you.
You are poisoned.
The adder poisons you! The quokka bites you.
There are monsters nearby!
You hit the adder but do no damage. Your kick misses the adder.
You feel sick. The adder bites you but does no damage.
The quokka bites you but does no damage.
The adder barely misses you.
There are monsters nearby!
You hit the adder. Your headbutt misses the adder.
The adder is moderately wounded.
You feel sick. The quokka barely misses you. The adder barely misses you.
You closely miss the adder.
The adder is moderately wounded.
You feel sick. The adder bites you but does no damage.
The quokka barely misses you. The adder bites you but does no damage.
The quokka bites you.
There are monsters nearby!
You are too injured to fight recklessly!
You are too injured to fight recklessly!
You feel sick.
Your transformation is almost over.
You feel sick. The adder bites you.
* * * LOW HITPOINT WARNING * * *
You are lethally poisoned!
The adder poisons you!
* * * LOW HITPOINT WARNING * * *
You feel sick.
* * * LOW HITPOINT WARNING * * *
You feel sick. The adder barely misses you.
You die...

#######.###)###.#
#......##.....#
#.###.#########
#######.#####
.......>....#
###.###.###.# ##
#. #....# .. #.
#.##.#
###:##.##r.@.#
.........S####
##.##!.....#
#..###.#
#..........#
#.........##.#
#.......$....#
#.........####
#..........


You could see an adder and a quokka.

Vanquished Creatures
  2 ball pythons (D:1)
  5 endoplasms (D:1)
  3 goblins (D:1)
  A hobgoblin (D:1)
  A quokka (D:1)
  5 bats (D:1)
  2 rats (D:1)
19 creatures vanquished.

Vanquished Creatures (others)
  A plant (D:1)
1 creature vanquished.

Grand Total: 20 creatures vanquished

Notes
Turn   | Place    | Note
-------+----------+-------------------------------------------
     0 | D:1      | barney the Draconian Transmuter began the quest for the
                  | Orb.
     0 | D:1      | Reached XP level 1. HP: 16/16 MP: 3/3
   464 | D:1      | Reached XP level 2. HP: 19/23 MP: 5/5
  1660 | D:2      | HP: 1/23 [poisoned by an adder]
  1661 | D:2      | Succumbed to an adder's poison

Illustrated notes

Levels and vault maps discovered:
D:1:      onia_arrival_pyramid, layout_loops_ring, nrook_loot_triangle,
          minmay_misc_feat_secret_circle, serial_bayou_ford_a
D:2:      layout_basic, uniq_jessica

Skill      XL: |  1  2 |
---------------+-------+-----
Transmutations | 3 |  3.3
Fighting       | |  1.1
Dodging        | |  1.7
Unarmed Combat | |  3.0
Spellcasting   | |  2.0

Action                   || total
-------------------------++-------
Melee: Staff             ||    53
       Unarmed           ||     5
       Kick              ||     9
       Headbutt          ||     4
       Tailslap          ||     3
 Cast: Beastly Appendage ||    13
 Stab: Sleeping          ||     4
Armor: Skin              ||    24
Dodge: Dodged            ||    52
